 Dungeon Crawl Stone Soup version 0.31.0-11-ge490571c62 (webtiles) character file.

Game seed: 962428590401378745

251 qw the Ducker (level 5, -1/27 HPs)
             Began as a Spriggan Hunter on Feb 3, 2024.
             Was an Initiate of Okawaru.
             Slain by a scorpion (2 damage)
             ... on level 5 of the Dungeon.
             The game lasted 00:00:09 (2965 turns).

qw the Ducker (Spriggan Hunter)                     Turns: 2965, Time: 00:00:09

Health: -1/27      AC:  7    Str: 13    XL:     5   Next: 88%
Magic:  6/6        EV: 21    Int: 10    God:    Okawaru [......]
Gold:   351        SH:  0    Dex: 21    Spells: 4/4 levels left

rFire   . . .        a - +1 shortbow
rCold   . . .        (shield currently unavailable)
rNeg    . . .        c - +0 robe
rPois   .            (helmet restricted)
rElec   .            g - +0 cloak
rCorr   .            (gloves unavailable)
SInv    +            (boots unavailable)
Will    .....        (no amulet)
Stlth   ++           b - +4 ring of protection
HPRegen 0.24/turn    h - +6 ring of strength
MPRegen 0.10/turn

%: no passive effects
@: lethally poisoned (-1 -> -5), about to teleport, very quick
A: very small, no large weapons, unfitting armour, see invisible, speed 3
a: Renounce Religion


You were on level 5 of the Dungeon.
You worshipped Okawaru.
Okawaru was noncommittal.
You visited 1 branch of the dungeon, and saw 5 of its levels.

You collected 351 gold pieces.


Innate Abilities, Weirdness & Mutations

You are very small and have problems with some larger weapons.
You are too small for most types of armour.
You have supernaturally acute eyesight. (SInv)
You cover ground extremely quickly. (Speed+++)


   Skills:
 - Level 2.4 Fighting
 + Level 5.5 Ranged Weapons
 - Level 5.7 Dodging
 - Level 1.5 Stealth


You had 4 spell levels left.
You didn't know any spells.
Your spell library was empty.

Inventory:

Hand Weapons
 a - a +1 shortbow (weapon)
Armour
 c - a +0 robe (worn)
 g - a +0 cloak (worn)
Jewellery
 b - a +4 ring of protection (left hand)
 h - a +6 ring of strength (right hand)
Scrolls
 f - a scroll of teleportation
 j - a scroll of enchant armour {unknown}
Potions
 d - a potion of resistance
 e - a potion of might {unknown}
 i - a potion of curing {unknown}

Dungeon Overview and Level Annotations

Branches:
Dungeon (5/15)
 Temple: D:4-7

Altars:
Dithmenos
Hepliaklqana
Okawaru

Annotations:
D:4 1 transporter, qw's ghost, amateur SpHu


Message History

You shoot an arrow.
The arrow hits the scorpion but does no damage.
You shoot an arrow.
The arrow hits the scorpion but does no damage.
You shoot an arrow. The arrow hits the scorpion!
The scorpion is heavily wounded.
The scorpion stings you.
You are poisoned.
The scorpion poisons you! The scorpion stings you.
You shoot an arrow.
The arrow hits the scorpion but does no damage.
The scorpion is heavily wounded.
You feel very sick. The scorpion misses you.
You shoot an arrow. The arrow closely misses the scorpion.
You feel very sick. The scorpion stings you.
You shoot an arrow. The arrow hits the scorpion.
The scorpion is severely wounded.
You feel sick. The scorpion closely misses you. The scorpion stings you.
You are lethally poisoned!
The scorpion poisons you!
You shoot an arrow. The arrow hits the scorpion.
The scorpion is severely wounded.
You feel very sick. The scorpion misses you.
You shoot an arrow. The arrow hits the scorpion.
The scorpion is severely wounded.
You feel very sick.
The scorpion stings you but does no damage.
2963 ||| READING 2 scrolls of teleportation.
As you read the scroll of teleportation, it crumbles to dust.
You feel strangely unstable.
You feel sick. The scorpion barely misses you. The scorpion closely misses you.
You shoot an arrow. The arrow closely misses the scorpion.
You feel sick. The scorpion closely misses you.
You shoot an arrow. The arrow hits the scorpion.
The scorpion is severely wounded.
You feel sick. The scorpion stings you.
You die...

#) #.## #..# ##.##
....
####.#.#####......
#...###...........
#.##.#...........#
#.###.#.########.#
#@# #.#.# #.#
......s># #.#.#
#.# ##.######
#.#.# #<#
#.#.########.#
#.............
#######.########.#
..........# #.#
#######.#.######.#
#.#........#


You could see a scorpion.

Vanquished Creatures
  A scorpion (D:4)
  A jelly (D:4)
  2 hounds
  3 gnolls (D:3)
  2 adders (D:4)
  5 dart slugs
  A ribbon worm (D:3)
  An orc (D:3)
  10 bats
  2 endoplasms (D:1)
  A giant cockroach (D:3)
  3 goblins
  4 hobgoblins
  A quokka (D:1)
  4 ball pythons
  4 frilled lizards
  4 kobolds
  3 rats
52 creatures vanquished.

Notes
Turn   | Place    | Note
-------+----------+-------------------------------------------
     0 | D:1      | qw the Spriggan Hunter began the quest for the Orb.
     0 | D:1      | Reached XP level 1. HP: 10/10 MP: 2/2
     0 | D:1      | 0 ||| qw: Version: 0.3-a-157-g843a77d
     0 | D:1      | 0 ||| qw: Game counter: 3632
     0 | D:1      | 0 ||| qw: Melee chars always use a shield: true
     0 | D:1      | 0 ||| qw: God list: Okawaru
     0 | D:1      | 0 ||| qw: Allow faded altars: false
     0 | D:1      | 0 ||| qw: Do Orc after clearing Dungeon:15 true
     0 | D:1      | 0 ||| qw: Do second Lair branch before Depths: true
     0 | D:1      | 0 ||| qw: Lair rune preference: random
     0 | D:1      | 0 ||| qw: Goals: Normal
     0 | D:1      | 0 ||| PLANNING D:1-11
    15 | D:1      | Reached skill level 3 in Dodging
   187 | D:1      | Reached XP level 2. HP: 14/14 MP: 3/3
   630 | D:1      | Reached XP level 3. HP: 18/18 MP: 4/4
   751 | D:1      | 751 ||| UPGRADING to +0 cloak.
   756 | D:1      | 756 ||| READING 4 scrolls labelled SELLIPSIO WOHE.
   756 | D:1      | 756 ||| IDENTIFYING inky potion
   757 | D:1      | 757 ||| READING 3 scrolls of identify.
   757 | D:1      | 757 ||| IDENTIFYING 3 scrolls labelled XOGRILIVATZ
   758 | D:1      | 758 ||| DROPPING scroll of butterflies.
   759 | D:1      | 759 ||| DROPPING 3 scrolls of amnesia.
  1499 | D:2      | 1499 ||| DROPPING ring of magical power.
  1500 | D:2      | 1500 ||| READING 2 scrolls of identify.
  1500 | D:2      | 1500 ||| IDENTIFYING scroll labelled BAIDITZ EXTIYTAG
  1501 | D:2      | 1501 ||| DROPPING scroll of silence.
  1592 | D:3      | 1592 ||| FLEEEEING.
  1596 | D:3      | 1596 ||| FLEEEEING.
  1597 | D:3      | 1597 ||| FLEEEEING.
  1598 | D:3      | 1598 ||| FLEEEEING.
  1599 | D:3      | 1599 ||| FLEEEEING.
  1600 | D:3      | 1600 ||| FLEEEEING.
  1601 | D:3      | 1601 ||| FLEEEEING.
  1604 | D:3      | 1604 ||| FLEEEEING.
  1605 | D:3      | 1605 ||| FLEEEEING.
  1637 | D:3      | Reached XP level 4. HP: 17/22 MP: 5/5
  1662 | D:3      | Found a hazy altar of Hepliaklqana.
  1668 | D:3      | Found a faded altar of an unknown god.
  1756 | D:3      | 1756 ||| FLEEEEING.
  1758 | D:3      | 1758 ||| FLEEEEING.
  1759 | D:3      | 1759 ||| FLEEEEING.
  2228 | D:3      | 2228 ||| UPGRADING to +4 ring of protection.
  2229 | D:3      | 2229 ||| READING scroll of identify.
  2229 | D:3      | 2229 ||| IDENTIFYING scroll labelled DAXZON CAIKKE
  2230 | D:3      | 2230 ||| READING scroll labelled UTSINN XUEP.
  2231 | D:3      | 2231 ||| READING scroll labelled JEM SAANKE.
  2231 | D:3      | 2231 ||| ENCHANTING +0 shortbow.
  2277 | D:4      | Noticed a scorpion
  2282 | D:4      | Killed a scorpion
  2283 | D:4      | Reached XP level 5. HP: 25/25 MP: 6/6
  2475 | D:4      | Noticed qw's ghost (amateur SpHu)
  2489 | D:4      | Found a transporter.
  2489 | D:4      | Identified the +4 great mace "Geluq" {vamp, rN+ Dex+2}
  2489 | D:4      | Noticed an ogre
  2612 | D:4      | Found an iron altar of Okawaru.
  2613 | D:4      | 2613 ||| PLANNING OKAWARU WORSHIP
  2613 | D:4      | 2613 ||| DRINKING 2 metallic inky potions.
  2614 | D:4      | 2614 ||| DROPPING potion of invisibility.
  2622 | D:4      | Became a worshipper of Warmaster Okawaru
  2623 | D:4      | 2623 ||| PLANNING D:1-11
  2688 | D:4      | Found a shadowy altar of Dithmenos.
  2897 | D:4      | 2897 ||| UPGRADING to +6 ring of strength.
  2904 | D:5      | Entered Level 5 of the Dungeon
  2962 | D:5      | HP: 5/27 [poisoned by a scorpion]
  2963 | D:5      | 2963 ||| READING 2 scrolls of teleportation.
  2964 | D:5      | HP: 2/27 [poisoned by a scorpion]
  2965 | D:5      | Slain by a scorpion

Levels and vault maps discovered:
D:1:      lightli_arrival_statue_moat, layout_basic, minmay_octomino_j4
D:2:      layout_loops_corners
D:3:      layout_basic, amcnicky_altar_gilded, hellmonk_ecumenical_altar_zigzags
D:4:      layout_loops_cross, nicolae_dithmenos_through_a_glass_darkly,
          mainiacjoe_overflow_surrounded_room, gammafunk_ghost_smash
D:5:      layout_loops_ring, ebering_ghost_reflecting_pool, minmay_bent

Skill      XL: |  1  2  3  4  5 |
---------------+----------------+-----
Dodging        | 3 4 5 |  5.7
Ranged Weapons | 5 |  5.5
Fighting       | 2 |  2.4
Stealth        | |  1.5

Action                     |  1- 3 |  4- 6 || total
---------------------------+-------+-------++-------
   Fire: Shortbow          |   102 |    56 ||   158
    Use: Scroll            |     3 |     4 ||     7
         Potion            |       |     1 ||     1
 Armour: Robe              |     7 |    10 ||    17
  Dodge: Dodged            |    27 |    24 ||    51

Table legend:
 A = Non-vault XP
 B = Vault XP
 C = Vault XP percentage of total XP
 D = Non-vault monster count
 E = Vault monster count
 F = Vault count percentage of total count
                 A         B        C        D         E       F
            +---------+---------+-------+---------+---------+-------
      Total |     355 |       4 |   1.1 |      49 |       3 |   5.8
            +---------+---------+-------+---------+---------+-------
        D:1 |      37 |       4 |   9.8 |      21 |       3 |  12.5
        D:2 |      12 |       0 |   0.0 |       9 |       0 |   0.0
        D:3 |      68 |       0 |   0.0 |      11 |       0 |   0.0
        D:4 |     195 |       0 |   0.0 |       7 |       0 |   0.0
        D:5 |      43 |       0 |   0.0 |       1 |       0 |   0.0
            +---------+---------+-------+---------+---------+-------
